 Dungeon Crawl Stone Soup version 0.18.1-8-gdd0e5ea (webtiles) character file.

84858 Kaladorm the Bludgeoner (level 15, 0/112 HPs)
             Began as a Minotaur Berserker on May 27, 2016.
             Was a High Priest of Trog.
             Slain by a thrashing horror (8 damage)
             ... while paralysed
             ... on level 2 of the Abyss on June 9, 2016.
             The game lasted 03:24:02 (29139 turns).

Kaladorm the Bludgeoner (Minotaur Berserker)       Turns: 29139, Time: 03:24:02

Health: 0/112      AC: 24    Str: 24      XL:     15   Next: 36%
Magic:  0/12       EV:  2    Int:  0 (2)  God:    Trog [*****.]
Gold:   1700       SH:  0    Dex: 13 (14) Spells: 0 memorised, 14 levels left

rFire  + . .     SeeInvis .     v - +6 war axe "Killer Bee's Peril" {freeze, rC+}
rCold  + . .     Gourm    .     I - +0 plate armour
rNeg   . . .     Faith    .     (no shield)
rPois  +         Spirit   +     (helmet restricted)
rElec  .         Dismiss  .     z - +1 cloak
rCorr  .         Reflect  .     A - +1 pair of gloves
SustAt .         Harm     .     (no boots)
MR     ++...     Rnd*Tele +     E - amulet of guardian spirit
Stlth  ..........               G - ring of poison resistance
                                r - ring of protection from fire

@: paralysed, slowed, lost intelligence, very resistant to hostile enchantments,
extremely unstealthy
A: retaliatory headbutt, horns 2, talons 1, large bone plates 1, clever 1,
deterioration 2, dopey 2, frail 2, low mp 2, magic resistance 1, teleportitis 2
a: Berserk, Trog's Hand, Brothers in Arms, Burn Spellbooks, Renounce Religion


You were on level 2 of the Abyss.
You worshipped Trog.
Trog was extremely pleased with you.
You were not hungry.

You visited 4 branches of the dungeon, and saw 22 of its levels.
You visited the Abyss 1 time.

You collected 2240 gold pieces.
You spent 540 gold pieces at shops.

Inventory:

Hand Weapons
 j - a +0 whip of venom
 v - the +6 war axe "Killer Bee's Peril" (weapon) {freeze, rC+}
   (You found it on level 9 of the Dungeon)

   It has been specially enchanted to freeze those struck by it, causing extra
   injury to most foes and up to half again as much damage against particularly
   susceptible opponents.
   It can also slow down cold-blooded creatures.
   It protects you from cold.
 w - a +4 great mace of venom
 H - a +0 morningstar of protection
Armour
 z - a +1 cloak (worn)
 A - a +1 pair of gloves (worn)
 I - a +0 plate armour (worn)
Rods
 y - a +2 rod of clouds (12/12)
   (You found it on level 8 of the Lair of Beasts)
Jewellery
 f - an uncursed ring of resist corrosion
 r - a ring of protection from fire (left hand)
 E - an amulet of guardian spirit (around neck)
 G - a ring of poison resistance (right hand)
Wands
 i - a wand of confusion (4/48)
 k - a wand of teleportation (0/9)
 K - a wand of flame (19/48)
 L - a wand of enslavement (2/24)
 N - a wand of iceblast (5/15)
 O - a wand of confusion (17/48)
 R - a wand of confusion (19/48)
 S - a wand of disintegration (8/24)
Scrolls
 a - 2 scrolls of enchant weapon
 b - 2 scrolls of enchant armour
 g - a scroll of recharging
 o - 7 scrolls of identify
 q - 2 scrolls of fear
 s - a scroll of holy word {unknown}
 t - 3 scrolls of magic mapping
 x - 10 scrolls of remove curse
 M - 6 scrolls of teleportation
 P - a scroll of vulnerability {unknown}
Potions
 d - 5 potions of curing
 e - 3 potions of ambrosia
 h - 3 potions of resistance
 n - 3 potions of flight
 u - 6 potions of brilliance
 C - 2 potions of berserk rage
 J - 2 potions of cure mutation
Miscellaneous
 F - an ornate deck of destruction {drawn: 4}
Comestibles
 c - 19 bread rations
 l - 9 meat rations
 p - 23 fruits
 B - 9 slices of pizza


   Skills:
 + Level 15.2 Fighting
 - Level 9.0(13.8) Axes
 - Level 16.7(17.4) Maces & Flails
 - Level 6.0 Throwing
 + Level 16.3 Armour
 + Level 10.0 Dodging
 - Level 2.7 Stealth
 * Level 3.3 Evocations


You had 14 spell levels left.
You didn't know any spells.

Dungeon Overview and Level Annotations

Branches:
Dungeon (11/15)            Temple (0/1) D:7            Lair (8/8) D:11
  Swamp (1/4) Lair:5        Snake (0/4) Lair:6        Slime (0/6) Lair:8
    Orc (2/2) D:10            Elf (0/3) Orc:2

Altars:
Ashenzari
Cheibriados
Dithmenos
Elyvilon
Gozag
Kikubaaqudgha
Makhleb
Pakellas
Ru
Sif Muna
Xom
Zin
The Shining One
Beogh
Jiyva

Shops:
D:9 }   Orc:2 !!=}

Annotations:
Lair:8 1 runed door
Swamp:1 Louise


Innate Abilities, Weirdness & Mutations

You reflexively headbutt those who attack you in melee.
You have a pair of horns on your head.
You have sharp toenails.
You are partially covered in large bone plates (AC +2, SH +2).
Your mind is acute. (Int +2)
You are resistant to hostile enchantments.
[Your body often deteriorates upon taking damage.]
[You are very dopey. (Int -4)]
[You are very frail (-20% HP).]
[Your magical capacity is very low (-20% MP).]
[You are sometimes teleported next to monsters.]


Message History

Evoke which item? (* to show all) (? for menu, Esc to quit)
Zapping:
S - a wand of disintegration {zapped: 2} (will waste charges)
Press: ? - help, Shift-Dir - straight line The rock wall explodes into countless fragments.
Evoking this partially-identified wand wasted a few charges.
A starcursed mass comes into view.
The thrashing horror tramples you but does no damage.
The thrashing horror tramples you.
* * * LOW HITPOINT WARNING * * *
You hold your ground!
The starcursed mass shrieks in your mind.
* * * LOW HITPOINT WARNING * * *
The wretched star pulses with an eldritch light!
You feel stupid. x2
You have lost your intelligence.
You feel weirdly uncertain.
You feel even more weirdly uncertain.
The smoke demon twists and deforms.
The thrashing horror roars!
The thrashing horror tramples you!
You die...

### ####.#
##.#####
##...@*X#
#.#.##X.##
#.#3.3..###
X.#4X####..#
#.......##..
##
#.###.#.##.#
# # ..#...
#.*# ###
#..##.###
####.... #


You could see a starcursed mass, a wretched star, 2 thrashing horrors and a
smoke demon.

Vanquished Creatures
  Rupert (Lair:5)
  The ghost of DevlanMud the Brawler, an adept TrAr of Pakellas (Orc:2)
  An orc warlord (Orc:1)
  A stone giant (Orc:1)
  Fannar (D:10)
  Josephine (D:10)
  Harold (Orc:1)
  6 hydras
  19 death yaks
  An orc high priest (Orc:2)
  A shock serpent (Lair:6)
  Sonja (Lair:2)
  An unseen horror (D:11)
  A shambling mangrove (Swamp:1)
  3 hill giants (D:10)
  An ugly thing (D:11)
  Pikel (D:9)
  2 orc knights (D:10)
  A cyclops (D:11)
  3 griffons
  An oklob plant (Lair:7)
  10 orc sorcerers
  7 elephants
  Psyche (D:8)
  4 black mambas
  3 centaur zombies
  14 spiny frogs
  5 rime drakes
  2 centaur skeletons
  7 komodo dragons
  2 polar bears
  4 trolls
  A giant leech (Swamp:1)
  The ghost of fulminata the Ducker, an amateur DsGl (D:5)
  A two-headed ogre (D:10)
  33 blink frogs
  2 boulder beetles
  Sigmund (D:6)
  A wyvern (Lair:3)
  2 spriggans
  37 yaks
  6 wraiths
  6 hippogriffs
  A hungry ghost (D:9)
  3 basilisks
  3 wargs
  4 nagas (Lair:6)
  14 water moccasins
  5 porcupines
  A swamp drake (Swamp:1)
  29 orc warriors
  A phantom (D:5)
  2 wasps (Swamp:1)
  5 ice beasts
  2 sky beasts
  3 black bears
  3 ogres
  9 wolves
  21 crocodiles
  5 centaurs
  Blork the orc (D:5)
  2 big kobolds
  16 giant frogs
  2 gnoll sergeants (D:10)
  2 wyvern zombies
  4 scorpions
  A water moccasin skeleton (D:11)
  9 killer bees (D:9)
  10 wights
  4 electric eels
  6 howler monkeys
  5 crimson imps
  Crazy Yiuf (D:6)
  3 jellies
  23 orc priests
  7 hounds
  A gnoll shaman (D:5)
  44 orc wizards
  7 iguanas
  6 worker ants
  23 sheep
  2 hound skeletons
  A worker ant zombie (D:10)
  15 gnolls
  8 adders
  58 river rats
  2 shadow imps
  An adder skeleton (D:8)
  3 worms
  2 dart slugs (D:1)
  A giant gecko (D:10)
  69 orcs
  7 bats
  5 giant cockroaches
  8 hobgoblins
  7 jackals
  3 quokkas
  A ball python (D:5)
  A giant gecko zombie (D:5)
  5 giant newts
  3 goblins
  13 kobolds
  3 rats
  A butterfly (Lair:8)
  A fungus (Lair:7)
  4 plants
711 creatures vanquished.

Vanquished Creatures (collateral kills)
  2 hydras (Lair:7)
  4 catoblepae
  4 death yaks (Lair:8)
  A griffon (Lair:8)
  6 yaks
  A hippogriff (D:10)
  A naga (Lair:6)
  An ogre (D:10)
  A crimson imp (D:10)
  2 orcs (Orc:1)
23 creatures vanquished.

Vanquished Creatures (others)
  A chaos spawn (Abyss:2)
  3 slaves (D:9)
  An orc priest (Orc:2)
  2 orc wizards
  5 fungi
  2 lurking horrors (Abyss:2)
  2 plants
  4 toadstools (D:1)
20 creatures vanquished.

Grand Total: 754 creatures vanquished

Notes
Turn   | Place    | Note
--------------------------------------------------------------
     0 | D:1      | Kaladorm the Minotaur Berserker began the quest for the Orb.
     0 | D:1      | Reached XP level 1. HP: 19/19 MP: 0/0
   315 | D:1      | Reached XP level 2. HP: 26/27 MP: 1/1
   820 | D:2      | Reached XP level 3. HP: 33/33 MP: 2/2
   886 | D:2      | Reached ** piety under Trog
   931 | D:2      | Found a sacrificial altar of Ru.
  1673 | D:2      | Gained mutation: Your mind is acute. (Int +2) [potion of mutation]
  1673 | D:2      | Gained mutation: You are resistant to hostile enchantments. [potion of mutation]
  1673 | D:2      | Gained mutation: You have sharp toenails. [potion of mutation]
  1886 | D:3      | Reached XP level 4. HP: 23/41 MP: 3/3
  2743 | D:4      | Found an oddly glowing altar of Pakellas.
  3357 | D:4      | Reached XP level 5. HP: 47/47 MP: 4/4
  3388 | D:5      | Entered Level 5 of the Dungeon
  3397 | D:5      | Noticed fulminata's ghost (amateur DsGl)
  3410 | D:5      | Killed fulminata's ghost
  3410 | D:5      | Reached skill level 5 in Fighting
  3410 | D:5      | Reached skill level 1 in Stealth
  3410 | D:5      | Reached XP level 6. HP: 56/56 MP: 5/5
  3497 | D:5      | Noticed Blork the orc
  3524 | D:5      | Killed Blork the orc
  3524 | D:5      | Reached skill level 5 in Maces & Flails
  3760 | D:5      | Reached skill level 5 in Armour
  3760 | D:5      | Reached XP level 7. HP: 52/62 MP: 6/6
  3844 | D:5      | Reached skill level 5 in Dodging
  4390 | D:6      | Noticed Sigmund
  4397 | D:6      | Killed Sigmund
  4397 | D:6      | Reached XP level 8. HP: 71/71 MP: 7/7
  4559 | D:6      | Found a sacrificial altar of Ru.
  4582 | D:6      | Found a shadowy altar of Dithmenos.
  4708 | D:6      | Noticed Crazy Yiuf
  4714 | D:6      | Killed Crazy Yiuf
  5168 | D:7      | Found a shattered altar of Ashenzari.
  5393 | D:7      | Found an opulent altar of Gozag.
  5433 | D:7      | Found a burning altar of Makhleb.
  5540 | D:7      | Found a staircase to the Ecumenical Temple.
  5574 | D:7      | Reached *** piety under Trog
  6204 | D:8      | Found a shimmering altar of Xom.
  6379 | D:8      | Reached XP level 9. HP: 69/80 MP: 8/8
  6568 | D:8      | Received a gift from Trog
  6780 | D:8      | Noticed Psyche
  6793 | D:8      | Killed Psyche
  7125 | D:8      | Found a glowing silver altar of Zin.
  7125 | D:8      | Found a white marble altar of Elyvilon.
  7125 | D:8      | Found a glowing golden altar of the Shining One.
  7170 | D:8      | Found an ancient bone altar of Kikubaaqudgha.
  7170 | D:8      | Found a deep blue altar of Sif Muna.
  7468 | D:9      | Found a snail-covered altar of Cheibriados.
  7710 | D:9      | Noticed Pikel
  7724 | D:9      | Killed Pikel
  7737 | D:9      | Reached skill level 1 in Evocations
  7838 | D:9      | Reached XP level 10. HP: 24/90 MP: 9/9
  8145 | D:9      | Found Lodobo's Gadget Shoppe.
  8176 | D:9      | Reached skill level 10 in Armour
  8626 | D:9      | Got a jewelled war axe
  8627 | D:9      | Identified the +6 war axe "Killer Bee's Peril" {freeze, rC+} (You found it on level 9 of the Dungeon)
  8780 | D:9      | Reached skill level 1 in Axes
  8780 | D:9      | Reached skill level 1 in Throwing
  8838 | D:10     | Entered Level 10 of the Dungeon
  8865 | D:10     | Reached **** piety under Trog
  8991 | D:10     | Noticed a hill giant
  9002 | D:10     | Killed a hill giant
  9283 | D:10     | Noticed Josephine
  9317 | D:10     | Killed Josephine
  9424 | D:10     | Noticed Fannar
  9438 | D:10     | Killed Fannar
  9438 | D:10     | Reached XP level 11. HP: 72/99 MP: 10/10
  9720 | D:10     | Found a staircase to the Orcish Mines.
  9738 | D:10     | Noticed an orc knight
  9745 | D:10     | Killed an orc knight
  9933 | D:10     | Reached skill level 5 in Axes
 10166 | D:10     | Noticed a hill giant
 10178 | D:10     | Killed a hill giant
 10178 | D:10     | Reached skill level 10 in Fighting
 10228 | D:10     | Noticed a hill giant
 10238 | D:10     | Killed a hill giant
 11059 | D:11     | Killed an unseen horror
 11059 | D:11     | Reached skill level 10 in Maces & Flails
 11199 | D:11     | Found a staircase to the Lair.
 11395 | D:11     | Got a slimy war axe
 11396 | D:11     | Identified the +4 war axe of Pecsaa {flame, Dex+2} (You found it on level 11 of the Dungeon)
 11586 | D:11     | Noticed a purple ugly thing
 11613 | D:11     | Killed a purple ugly thing
 11832 | D:11     | Reached skill level 5 in Throwing
 11963 | D:11     | Noticed an eight-headed hydra
 11972 | D:11     | Killed an eight-headed hydra
 11972 | D:11     | Reached ***** piety under Trog
 12214 | D:11     | Reached XP level 12. HP: 107/107 MP: 10/12
 12268 | Orc:1    | Entered Level 1 of the Orcish Mines
 12322 | Orc:1    | Noticed a stone giant
 12547 | Orc:1    | HP: 7/160 [stone giant (30)]
 12548 | Orc:1    | Killed a stone giant
 12916 | Orc:1    | Noticed Harold
 12938 | Orc:1    | Killed Harold
 13222 | D:10     | Received a gift from Trog
 13669 | Orc:1    | Found a roughly hewn altar of Beogh.
 13898 | Orc:2    | Entered Level 2 of the Orcish Mines
 14274 | Orc:2    | Found a roughly hewn altar of Beogh.
 14554 | Orc:1    | Noticed an orc warlord
 14773 | Orc:2    | Received a gift from Trog
 14886 | Orc:2    | Noticed DevlanMud's ghost (adept TrAr)
 15125 | Orc:2    | Killed DevlanMud's ghost
 15410 | Orc:2    | Found a staircase to the Elven Halls.
 15595 | Orc:2    | Found Efurphiu's Jewellery Shop.
 15597 | Orc:2    | Noticed an orc high priest
 15599 | Orc:2    | Received a gift from Trog
 15605 | Orc:2    | Found Jebrotaw's Gadget Shop.
 15616 | Orc:2    | Killed an orc high priest
 15647 | Orc:2    | Found Syopua's Distillery.
 15649 | Orc:2    | Reached XP level 13. HP: 41/116 MP: 13/13
 15666 | Orc:2    | Found Tytomy's Distillery.
 16051 | Orc:2    | Paralysed by an orc sorcerer for 5 turns
 16074 | Orc:2    | Bought 2 potions of heal wounds for 140 gold pieces
 16078 | Orc:2    | Bought a potion of heal wounds for 90 gold pieces
 16078 | Orc:2    | Bought a potion of heal wounds for 90 gold pieces
 16080 | Orc:2    | Bought an uncursed ring of poison resistance for 220 gold pieces
 16487 | Orc:1    | Killed an orc warlord
 17121 | Lair:1   | Entered Level 1 of the Lair of Beasts
 17487 | Lair:1   | Received a gift from Trog
 18497 | Lair:2   | Noticed Sonja
 18504 | Lair:2   | Killed Sonja
 19381 | Lair:3   | Received a gift from Trog
 19942 | Lair:3   | You fall through a shaft for 3 floors!
 20491 | Lair:6   | Reached ****** piety under Trog
 20739 | Lair:6   | Found a staircase to the Snake Pit.
 21414 | Lair:6   | Received a gift from Trog
 21690 | Lair:6   | Reached XP level 14. HP: 52/129 MP: 14/14
 22124 | Lair:7   | Received a gift from Trog
 22278 | Lair:7   | Received a gift from Trog
 22934 | Lair:7   | Reached skill level 15 in Armour
 23054 | Lair:7   | Reached skill level 15 in Maces & Flails
 23881 | Lair:8   | Entered Level 8 of the Lair of Beasts
 24164 | Lair:8   | Received a gift from Trog
 24270 | Lair:8   | Found a runed door.
 24270 | Lair:8   | Found a viscous altar of Jiyva.
 25676 | Lair:8   | Identified a +2 rod of clouds (12/12) (You found it on level 8 of the Lair of Beasts)
 25759 | Lair:8   | Received a gift from Trog
 25811 | Lair:8   | Reached XP level 15. HP: 138/139 MP: 5/15
 26373 | Lair:8   | Found a staircase to the Slime Pits.
 26632 | Lair:5   | Noticed Rupert
 26659 | Lair:5   | Killed Rupert
 26957 | Lair:5   | Gained mutation: You are partially covered in large bone plates (AC +2, SH +2). [potion of beneficial mutation]
 26995 | Lair:5   | Reached skill level 10 in Dodging
 27052 | Lair:5   | Found a staircase to the Swamp.
 27132 | Lair:5   | Reached skill level 15 in Fighting
 27430 | Lair:5   | Received a gift from Trog
 27455 | Lair:5   | Received a gift from Trog
 28632 | Swamp:1  | Entered Level 1 of the Swamp
 28761 | Swamp:1  | Noticed Louise
 28780 | Swamp:1  | Cast into level 2 of the Abyss (Louise)
 29138 | Abyss:2  | Lost intelligence.
 29139 | Abyss:2  | Slain by a thrashing horror

Skill      XL: |  1  2  3  4  5  6  7  8  9 10 11 12 13 14 15 |
---------------+----------------------------------------------+-----
Fighting       | 4 5 6 7 8 9 10 11 13 14 15 | 15.2
Maces & Flails | 4 5 7 8 9 10 12 14 16 | 16.7
Dodging        | 3 4 5 6 8 9 10 | 10.0
Armour         | 3 4 5 6 8 9 11 12 13 14 15 16 | 16.3
Stealth        | 1 2 |  2.7
Evocations     | 1 2 3 |  3.3
Axes           | 4 7 8 9 |  9.0
Throwing       | 2 5 6 |  6.0

Action                   |  1- 3 |  4- 6 |  7- 9 | 10-12 | 13-15 || total
-------------------------+-------+-------+-------+-------+-------++-------
Melee: Mace              |    84 |    77 |   100 |       |    23 ||   284
       Headbutt          |    15 |    18 |    69 |   220 |   259 ||   581
       Kick              |     1 |    31 |    83 |   304 |   416 ||   835
       Whip              |       |       |   169 |   438 |       ||   607
       War axe           |       |       |       |   142 |   279 ||   421
       Great mace        |       |       |       |   142 |   239 ||   381
       Morningstar       |       |       |       |    93 |   526 ||   619
Throw: Javelin           |       |       |     2 |   120 |    83 ||   205
Invok: Berserk           |       |     2 |     3 |     7 |     8 ||    20
       Trog's Hand       |       |       |     2 |     3 |     1 ||     6
       Burn Spellbooks   |       |       |     1 |       |     2 ||     3
       Brothers in Arms  |       |       |       |       |     6 ||     6
Evoke: Wand              |       |       |     4 |    12 |    27 ||    43
       Deck              |       |       |       |     2 |     2 ||     4
       Rod               |       |       |       |       |     1 ||     1
  Use: Scroll            |     6 |     5 |     7 |     3 |    10 ||    31
       Potion            |     6 |       |     4 |     4 |    12 ||    26
 Stab: Invisible         |       |       |       |     3 |       ||     3
       Confused          |       |       |       |       |     1 ||     1
  Eat: Chunk             |     2 |     9 |    13 |    28 |    45 ||    97
       Beef jerky        |     1 |       |       |     1 |     5 ||     7
       Pizza             |       |       |     1 |     2 |       ||     3
       Royal jelly       |       |       |     1 |       |       ||     1
       Meat ration       |       |       |       |       |     1 ||     1
Armor: Animal skin       |     1 |       |       |       |       ||     1
       Ring mail         |    36 |    21 |    64 |     2 |       ||   123
       Leather armour    |     2 |       |       |       |       ||     2
       Plate armour      |       |       |       |   375 |   549 ||   924
       Chain mail        |       |       |       |    25 |       ||    25
Dodge: Dodged            |    41 |    34 |   145 |   347 |   463 ||  1030
Block: Other             |       |       |       |       |    10 ||    10
